 Dungeon Sprint DCSS version 0.29-a0-187-ga23d9638d5 (webtiles) character file.

Game seed: 93401811200153076

938 cyrus the Cleaver (level 8, -9/82 HPs)
             Began as a Hill Orc Fighter on Feb 21, 2022.
             Was a Believer of Beogh.
             Mangled by a gargoyle (16 damage)
             ... in the Dungeon (Sprint IX: "|||||||||||||||||||||||||||||").
             The game lasted 00:03:09 (869 turns).

cyrus the Cleaver (Hill Orc Fighter)                 Turns: 869, Time: 00:03:09

Health: -9/82      AC: 17    Str: 19    XL:     8   Next: 12%
Magic:  1/9        EV:  6    Int: 10    God:    Beogh [**....]
Gold:   0          SH:  6    Dex: 10    Spells: 7/7 levels left

rFire   . . .      SeeInvis .   s - +3 war axe (freeze)
rCold   . . .      Faith    .   c - +0 buckler
rNeg    . . .      Spirit   .   o - +0 plate armour
rPois   .          Reflect  .   p - +0 helmet
rElec   .          Harm     .   q - +0 cloak
rCorr   .          Rampage  .   (no gloves)
Will    .....      NoTele   +   (no boots)
Stlth   ..........              (no amulet)
HPRegen 0.23/turn               (no ring)
MPRegen 0.11/turn               (no ring)

@: mighty, invisible
A: no striking features
a: Renounce Religion, Smiting


You were in the Dungeon.
You worshipped Beogh.
Beogh was pleased with you.
You visited 1 branch

Inventory:

Hand Weapons
 a - a +0 war axe
 r - a +2 halberd of protection
 s - a +3 war axe of freezing (weapon)
 t - a +0 long sword
Armour
 b - a +0 scale mail
 c - a +0 buckler (worn)
 o - a +0 plate armour (worn)
 p - a +0 helmet (worn)
 q - a +0 cloak (worn)
 u - a +0 plate armour
Jewellery
 m - a +3 ring of strength
 n - a +3 ring of dexterity
Wands
 l - a wand of iceblast (10)
Scrolls
 j - 2 scrolls of blinking
 k - 2 scrolls of amnesia
Potions
 e - 2 potions of curing
 g - a potion of haste
 h - 4 potions of magic


   Skills:
 + Level 11.4 Fighting
 + Level 11.6 Axes
 + Level 10.1 Armour
 + Level 1.3 Dodging
 + Level 9.2 Shields
 + Level 1.5 Invocations


You had 7 spell levels left.
You didn't know any spells.
Your spell library was empty.

Dungeon Overview and Level Annotations

Branches:
Dungeon (1/1)

Altars:
Cheibriados
Dithmenos
Elyvilon
Fedhas
Gozag
Hepliaklqana
Kikubaaqudgha
Makhleb
Nemelex Xobeh
Okawaru
Qazlal
Ru
Sif Muna
Trog
Uskayaw
Vehumet
Wu Jian
Xom
Yredelemnul
Zin
The Shining One
Beogh
Jiyva
Lugonu


Message History

Unknown command.
You feel much better. The two-headed ogre barely misses you.
The two-headed ogre hits you with a +0 giant club!
* * * LOW HITPOINT WARNING * * *
You slash the two-headed ogre! You freeze the two-headed ogre.
You kill the two-headed ogre!
Beogh accepts your kill.
The boulder beetle leaps!
Your Fighting skill gained 2 levels and is now at level 11!
Your Axes skill gained 3 levels and is now at level 11!
Your Armour skill gained 2 levels and is now at level 10!
Your Dodging skill increases to level 1!
Your Shields skill increases to level 9!
Your Invocations skill increases to level 1!
You have reached level 7!
You have reached level 8!
You feel better.
The gargoyle hurls a stone arrow at you.
The stone arrow hits you!
* * * LOW HITPOINT WARNING * * *
Unknown command.
Aiming: Smiting
Press: ? - help, Dir - move target, f - gargoyle Smite: a gargoyle, wielding a +0 flail You smite the gargoyle!
The gargoyle is heavily damaged.
You block the gargoyle's attack.
Unknown command.
You feel better. The gargoyle hits you with a +0 flail.
* * * LOW HITPOINT WARNING * * *
You hit the gargoyle but do no damage.
The gargoyle is heavily damaged.
The gargoyle hurls a stone arrow at you.
The stone arrow hits you!
* * * LOW HITPOINT WARNING * * *
You feel better. The gargoyle hits you with a +0 flail.
* * * LOW HITPOINT WARNING * * *
You fade into invisibility!
The gargoyle hits you with a +0 flail!
You die...

▓.▓
▓.▓
▓÷▓
▓.▓
▓.▓
▓.▓
▓.▓
▓.▓
▓@▓
▓9▓
▓B▓
▓J▓
▓o▓
▓c▓
▓.▓
▓.▓


You could see a boulder beetle, a slime creature, a gargoyle, a centaur and an
orc wizard.

Vanquished Creatures
  A two-headed ogre (D)
  A yak (D)
  An orc warrior (D)
  A sky beast (D)
  A jelly (D)
  An adder zombie (D)
  An orc (D)
  A bat (D)
  A bat zombie (D)
  An endoplasm (D)
  A kobold (D)
  A quokka (D)
  A ball python (D)
  A ball python skeleton (D)
  2 ball python zombies (D)
  A quokka zombie (D)
17 creatures vanquished.

Notes
Turn   | Place    | Note
-------+----------+-------------------------------------------
     0 | D        | cyrus the Hill Orc Fighter began the quest for the Orb.
     0 | D        | Reached XP level 1. HP: 19/19 MP: 1/1
   195 | D        | Noticed a sky beast
   195 | D        | Noticed a jelly
   200 | D        | Killed a sky beast
   201 | D        | Reached skill level 5 in Axes
   201 | D        | Reached XP level 2. HP: 31/31 MP: 2/2
   201 | D        | Reached XP level 3. HP: 38/38 MP: 3/3
   201 | D        | Reached XP level 4. HP: 45/45 MP: 4/4
   204 | D        | Reached XP level 5. HP: 47/52 MP: 5/5
   430 | D        | Found a roughly hewn altar of Beogh.
   430 | D        | Found a snail-covered altar of Cheibriados.
   430 | D        | Found a shadowy altar of Dithmenos.
   430 | D        | Found a white marble altar of Elyvilon.
   430 | D        | Found a blossoming altar of Fedhas.
   430 | D        | Found an opulent altar of Gozag.
   431 | D        | Found a hazy altar of Hepliaklqana.
   432 | D        | Found a viscous altar of Jiyva.
   433 | D        | Became a worshipper of Beogh the Brigand
   434 | D        | Found an ancient bone altar of Kikubaaqudgha.
   435 | D        | Found a corrupted altar of Lugonu.
   436 | D        | Found a burning altar of Makhleb.
   437 | D        | Found a sparkling altar of Nemelex Xobeh.
   438 | D        | Found an iron altar of Okawaru.
   439 | D        | Found a stormy altar of Qazlal.
   440 | D        | Found a sacrificial altar of Ru.
   441 | D        | Found a shimmering blue altar of Sif Muna.
   442 | D        | Found a bloodstained altar of Trog.
   443 | D        | Found a hide-covered altar of Uskayaw.
   444 | D        | Found a radiant altar of Vehumet.
   445 | D        | Found an ornate altar of the Wu Jian Council.
   446 | D        | Found a shimmering altar of Xom.
   447 | D        | Found a basalt altar of Yredelemnul.
   448 | D        | Found a glowing silver altar of Zin.
   449 | D        | Found a glowing golden altar of the Shining One.
   512 | D        | Noticed an orc warrior
   512 | D        | Noticed a yak
   516 | D        | Killed an orc warrior
   523 | D        | Killed a yak
   523 | D        | Reached * piety under Beogh
   524 | D        | Reached XP level 6. HP: 35/64 MP: 6/6
   530 | D        | Reached ** piety under Beogh
   855 | D        | Noticed a two-headed ogre
   855 | D        | Noticed a gargoyle
   855 | D        | Noticed a slime creature
   855 | D        | Noticed a boulder beetle
   863 | D        | Killed a two-headed ogre
   864 | D        | Reached skill level 10 in Armour
   864 | D        | Reached skill level 1 in Dodging
   864 | D        | Reached skill level 1 in Invocations
   864 | D        | Reached XP level 7. HP: 18/74 MP: 3/8
   864 | D        | Reached XP level 8. HP: 20/82 MP: 3/9
   867 | D        | HP: 2/82 [gargoyle/stone arrow (13)]
   869 | D        | Mangled by a gargoyle

Illustrated notes

Levels and vault maps discovered:
D:        linesprint [early_d, line_temple, items_1, d_10, items_2, lair_1,
          lair_end, items_3, orc_1, orc_end, items_4, d_15, swamp_1, shoals_1,
          snake_1, spider_1, d_20, vaults_1, items_5, swamp_end, shoals_end,
          snake_end, spider_end, vaults_end, d_27, items_6, zot_1, zot_end,
          crypt_end, forest_end, elf_end, slime_end, tomb_end, abyss_end,
          pan_hell_end]

Skill      XL: |  1  2  3  4  5  6 |
---------------+-------------------+-----
Fighting       | 6 7 9 11 | 11.4
Axes           | 5 8 11 | 11.6
Shields        | 6 8 9 |  9.2
Armour         | 6 8 10 | 10.1
Dodging        | 1 |  1.3
Invocations    | 1 |  1.5

Action                   |  1- 3 |  4- 6 |  7- 9 || total
-------------------------+-------+-------+-------++-------
Melee: War axe           |    17 |    26 |     1 ||    44
Invok: Smiting           |       |     1 |     1 ||     2
  Use: Potion            |     1 |     4 |     4 ||     9
Armor: Scale mail        |    11 |       |       ||    11
       Plate armour      |       |     5 |       ||     5
Dodge: Dodged            |    11 |     8 |       ||    19
Block: Buckler           |     3 |     4 |     1 ||     8

Table legend: (Time is in decaauts)
 A = Elapsed time spent in this place.
 B = Non-inter-level travel time spent in this place.
 C = Inter-level travel time spent in this place.
 D = Time resting spent in this place.
 E = Time spent auto-exploring this place.
 F = Levels seen in this place.
 G = Mean time per level.
                   A        B        C        D        E       F      G
               +--------+--------+--------+--------+--------+-----+--------+
         Total |    886 |    886 |      0 |    714 |      0 |   1 |  886.0 |
       Dungeon |    886 |    886 |      0 |    714 |      0 |   1 |  886.0 |
               +--------+--------+--------+--------+--------+-----+--------+

Top non-repeatable levels by time:
       D: 886 daAuts
